 Dungeon Crawl Stone Soup version 0.28.0-43-g3370ac3207 (webtiles) character file.

Game seed: 11205337932239446601

3040 DearestLeader the Blocker (level 9, -2/74 HPs)
             Began as a Gnoll Fighter on Mar 23, 2022.
             Was a Follower of Okawaru.
             Killed from afar by an acid dragon (10 damage)
             ... with a splash of acid
             ... on level 8 of the Dungeon.
             The game lasted 00:14:19 (9478 turns).

DearestLeader the Blocker (Gnoll Fighter)           Turns: 9478, Time: 00:14:19

Health: -2/74      AC:  6    Str: 22    XL:     9   Next: 86%
Magic:  16/16      EV: 13    Int:  9    God:    Okawaru [*.....]
Gold:   193        SH: 11    Dex: 16    Spells: 10/17 levels left

rFire   + . .      SeeInvis .   A - +6 falchion
rCold   + . .      Faith    .   c - +0 buckler
rNeg    . . .      Spirit   .   v - +3 leather armour {rF+}
rPois   .          Reflect  +   x - +2 helmet of Spite {rElec Dex+4}
rElec   +          Harm     .   (no cloak)
rCorr   .          Rampage  .   (no gloves)
Will    +....                   (no boots)
Stlth   +++.......              e - amulet of reflection
HPRegen 0.22/turn               o - ring of protection from cold
MPRegen 0.15/turn               s - ring of willpower

@: corroded
A: fangs 1, strong nose, distributed training, clever 1, strong 1
a: Renounce Religion, Heroism


You were on level 8 of the Dungeon.
You worshipped Okawaru.
Okawaru was aware of your devotion.
You visited 2 branches of the dungeon, and saw 9 of its levels.

You collected 193 gold pieces.

Inventory:

Hand Weapons
 a - a +0 war axe
 d - a +2 flail of protection
 r - a +1 flail of holy wrath
 A - a +6 falchion (weapon)
Armour
 b - a +0 scale mail
 c - a +0 buckler (worn)
 h - a +0 chain mail
 v - a +3 leather armour of fire resistance (worn)
 x - the +2 helmet of Spite (worn) {rElec Dex+4}
   (You found it on level 5 of the Dungeon)

   Dex:       It affects your dexterity (+4).
   rElec:     It insulates you from electricity.
Jewellery
 e - an amulet of reflection (around neck)
 l - an amulet of the acrobat
 o - a ring of protection from cold (left hand)
 s - a ring of willpower (right hand)
 t - a ring of ice
Wands
 u - a wand of flame (10)
 w - a wand of polymorph (1)
Scrolls
 f - 2 scrolls of enchant armour
 i - a scroll of immolation
 j - a scroll of teleportation
 m - a scroll of enchant weapon
 n - 2 scrolls of magic mapping
 p - a scroll of fear {unknown}
 q - 4 scrolls of blinking
 y - a scroll of amnesia {unknown}
Potions
 g - a potion of mutation
 B - 2 potions of curing


   Skills:
 + Level 8.1 Fighting
 + Level 4.6 Short Blades
 + Level 4.6 Long Blades
 + Level 6.6 Axes
 + Level 4.6 Maces & Flails
 + Level 4.6 Polearms
 + Level 4.6 Staves
 + Level 4.6 Slings
 + Level 4.6 Bows
 + Level 4.6 Crossbows
 + Level 4.6 Throwing
 + Level 8.1 Armour
 + Level 4.6 Dodging
 + Level 4.6 Stealth
 + Level 8.1 Shields
 + Level 4.6 Unarmed Combat
 + Level 4.6 Spellcasting
 + Level 3.8 Conjurations
 + Level 3.8 Hexes
 + Level 3.8 Summonings
 + Level 3.8 Necromancy
 + Level 3.8 Translocations
 + Level 3.8 Transmutations
 + Level 3.8 Fire Magic
 + Level 3.8 Ice Magic
 + Level 3.8 Air Magic
 + Level 3.8 Earth Magic
 + Level 3.8 Poison Magic
 + Level 5.1 Invocations
 + Level 4.6 Evocations


You had 10 spell levels left.
You knew the following spells:

 Your Spells              Type           Power      Damage    Failure   Level
a - Frozen Ramparts       Ice            18%        1d3       22%         3
b - Summon Ice Beast      Ice/Summ       9%         N/A       58%         4

Your spell library contained the following spells:

 Spells                   Type           Power      Damage    Failure   Level
 Gell's Gravitas          Tloc           9%         N/A       22%         3
 Lesser Beckoning         Tloc           9%         N/A       22%         3
 Teleport Other           Tloc           9%         N/A       22%         3
 Ice Form                 Ice/Tmut       9%         N/A       58%         4


Dungeon Overview and Level Annotations

Branches:
Dungeon (8/15)             Temple (1/1) D:7            Lair (0/6) D:8

Altars:
Cheibriados
Dithmenos
Elyvilon
Fedhas
Gozag
Kikubaaqudgha
Makhleb
Nemelex Xobeh
Okawaru
Qazlal
Ru
Sif Muna
Trog
Vehumet
Wu Jian
Zin
The Shining One

Shops:
D:1 (   D:3 [


Innate Abilities, Weirdness & Mutations

You have very sharp teeth.
Your uncanny sense of smell can sniff out nearby items.
Your experience applies equally to all skills.
Your mind is acute. (Int +2)
Your muscles are strong. (Str +2)


Message History

The splash of acid misses you.
You closely miss the acid dragon.
The acid dragon is moderately wounded.
The acid dragon spits acid at you. The splash of acid hits you!!
The acid corrodes you!
You hit the acid dragon.
The acid dragon is moderately wounded.
You block the acid dragon's attack. x2
You barely miss the acid dragon.
The acid dragon is moderately wounded.
The acid dragon closely misses you. You block the acid dragon's attack.
You hit the acid dragon but do no damage.
The acid dragon is moderately wounded.
The acid dragon spits acid at you. The splash of acid hits you!
* * * LOW HITPOINT WARNING * * *
The acid dragon misses you. You block the acid dragon's attack.
You closely miss the acid dragon.
The acid dragon is moderately wounded.
The orc wizard casts a spell.
The orc wizard flickers and vanishes!
The acid dragon closely misses you. The acid dragon misses you.
You hit the acid dragon.
You bite the acid dragon, but do no damage.
The acid dragon is heavily wounded.
You block the acid dragon's attack. The acid dragon completely misses you.
You hit the acid dragon.
The acid dragon is heavily wounded.
You block the acid dragon's attack. x2
You hit the acid dragon.
The acid dragon is severely wounded.
The acid dragon bites you.
* * * LOW HITPOINT WARNING * * *
The acid dragon claws you.
* * * LOW HITPOINT WARNING * * *
You barely miss the acid dragon.
The acid dragon is severely wounded.
The acid dragon spits acid at you. The splash of acid hits you!
You die...

............ ∆
..o........ ..o.......
.{....... ∆
#+##).......
#.##........
#.#.........
#.#D########
..#+##...@#
...........#
..........)######
.............(..##
.................###
........###........
.....#...≈...#..###
....#..#...#..#....####
...#.##P..##.#........


You could see an acid dragon (catching breath).

Vanquished Creatures
  Eustachio (D:4)
  A steam dragon (D:7)
  Duvessa (D:4)
  Menkaure (D:6)
  A sky beast (D:7)
  2 orc warriors (D:7)
  An ice beast (D:6)
  3 black bears
  2 ogres
  A centaur (D:6)
  Blork the orc (D:4)
  A bullfrog (D:8)
  2 scorpions (D:5)
  Dowan (D:4)
  3 killer bees (D:7)
  8 wights
  A centaur zombie (D:7)
  A bullfrog zombie (D:6)
  3 gnoll shamans
  2 orc priests
  A bullfrog skeleton (D:6)
  5 hounds
  A jelly (D:5)
  Jessica (D:2)
  2 iguanas
  An orc wizard (D:4)
  Ijyb (D:4)
  Natasha (thrice) (D:2)
  A howler monkey zombie (D:7)
  17 gnolls
  3 adders
  A shadow imp (D:7)
  2 white imps
  2 ufetubi
  2 worms (D:2)
  A dart slug (D:4)
  11 orcs
  A bat (D:3)
  4 endoplasms
  5 goblins
  5 hobgoblins
  6 jackals (D:2)
  2 quokkas
  7 ball pythons
  4 frilled lizards
  2 kobolds
  5 rats
133 creatures vanquished.

Notes
Turn   | Place    | Note
-------+----------+-------------------------------------------
     0 | D:1      | DearestLeader the Gnoll Fighter began the quest for the
                  | Orb.
     0 | D:1      | Reached XP level 1. HP: 23/23 MP: 1/1
   270 | D:1      | Reached XP level 2. HP: 29/29 MP: 2/2
   441 | D:1      | Found Xeuph's Weapon Shop.
  1158 | D:2      | Noticed Jessica
  1179 | D:2      | Killed Jessica
  1180 | D:2      | Reached skill level 1 in Invocations
  1180 | D:2      | Reached XP level 3. HP: 17/35 MP: 2/4
  1433 | D:2      | Found a white marble altar of Elyvilon.
  1459 | D:2      | Reached skill level 1 in Short Blades
  1459 | D:2      | Reached skill level 1 in Long Blades
  1459 | D:2      | Reached skill level 1 in Maces & Flails
  1459 | D:2      | Reached skill level 1 in Polearms
  1459 | D:2      | Reached skill level 1 in Staves
  1459 | D:2      | Reached skill level 1 in Slings
  1459 | D:2      | Reached skill level 1 in Bows
  1459 | D:2      | Reached skill level 1 in Crossbows
  1459 | D:2      | Reached skill level 1 in Throwing
  1459 | D:2      | Reached skill level 1 in Dodging
  1459 | D:2      | Reached skill level 1 in Stealth
  1459 | D:2      | Reached skill level 1 in Unarmed Combat
  1459 | D:2      | Reached skill level 1 in Spellcasting
  1459 | D:2      | Reached skill level 1 in Evocations
  1622 | D:2      | Noticed Natasha
  1639 | D:2      | Killed Natasha
  1640 | D:2      | Reached XP level 4. HP: 14/41 MP: 5/5
  1879 | D:2      | Reached skill level 1 in Conjurations
  1879 | D:2      | Reached skill level 1 in Hexes
  1879 | D:2      | Reached skill level 1 in Summonings
  1879 | D:2      | Reached skill level 1 in Necromancy
  1879 | D:2      | Reached skill level 1 in Translocations
  1879 | D:2      | Reached skill level 1 in Transmutations
  1879 | D:2      | Reached skill level 1 in Fire Magic
  1879 | D:2      | Reached skill level 1 in Ice Magic
  1879 | D:2      | Reached skill level 1 in Air Magic
  1879 | D:2      | Reached skill level 1 in Earth Magic
  1879 | D:2      | Reached skill level 1 in Poison Magic
  2053 | D:2      | Noticed Natasha
  2066 | D:2      | Killed Natasha
  2067 | D:2      | Reached XP level 5. HP: 36/47 MP: 6/6
  2107 | D:2      | Noticed Natasha
  2116 | D:2      | Killed Natasha
  2649 | D:3      | Found Lituic's Armour Emporium.
  2707 | D:3      | You fall into a shaft and drop 3 floors!
  2707 | D:6      | Found an ornate altar of the Wu Jian Council.
  2714 | D:6      | Noticed an ice beast
  2723 | D:6      | Killed an ice beast
  2724 | D:6      | Reached XP level 6. HP: 29/53 MP: 8/8
  2738 | D:6      | Reached skill level 5 in Axes
  2739 | D:5      | Entered Level 5 of the Dungeon
  3435 | D:3      | Found a glowing silver altar of Zin.
  3554 | D:4      | Noticed Eustachio
  3557 | D:4      | Noticed Ijyb
  3567 | D:4      | Noticed a black bear
  3813 | D:4      | Reached XP level 7. HP: 33/59 MP: 10/10
  4103 | D:4      | Noticed Blork the orc
  4118 | D:4      | Killed Blork the orc
  4455 | D:4      | Killed Eustachio
  4642 | D:4      | Killed Ijyb
  4930 | D:4      | Noticed Duvessa
  4930 | D:4      | Noticed Dowan
  4983 | D:4      | Killed Duvessa
  4984 | D:4      | Reached XP level 8. HP: 40/67 MP: 12/12
  4984 | D:4      | Killed Dowan
  5764 | D:5      | Found a snail-covered altar of Cheibriados.
  5785 | D:5      | Identified the +2 helmet of Spite {rElec Dex+4}
  6061 | D:5      | Found a sacrificial altar of Ru.
  6186 | D:5      | Found a sparkling altar of Nemelex Xobeh.
  6647 | D:6      | Noticed Menkaure
  6650 | D:6      | Killed Menkaure
  6727 | D:6      | Learned a level 3 spell: Frozen Ramparts
  6733 | D:6      | Learned a level 4 spell: Summon Ice Beast
  6928 | D:6      | Reached XP level 9. HP: 59/70 MP: 14/14
  7106 | D:6      | Found a glowing golden altar of the Shining One.
  7530 | D:6      | Gained mutation: You are frail. (-10% HP) [potion of
                  | mutation]
  7530 | D:6      | Gained mutation: Armour fits poorly on your strangely
                  | shaped body. [potion of mutation]
  7846 | D:6      | Lost mutation: Armour fits poorly on your strangely shaped
                  | body. [potion of mutation]
  7846 | D:6      | Lost mutation: You are frail. (-10% HP) [potion of
                  | mutation]
  7846 | D:6      | Gained mutation: Your mind is acute. (Int +2) [potion of
                  | mutation]
  7846 | D:6      | Gained mutation: Your muscles are strong. (Str +2) [potion
                  | of mutation]
  8217 | D:7      | Found a staircase to the Ecumenical Temple.
  8225 | Temple   | Entered the Ecumenical Temple
  8433 | Temple   | Became a worshipper of Warmaster Okawaru
  8938 | D:7      | Reached skill level 5 in Invocations
  9326 | D:7      | Reached * piety under Okawaru
  9374 | D:8      | Found a staircase to the Lair.
  9478 | D:8      | Killed from afar by an acid dragon

Illustrated notes

Levels and vault maps discovered:
D:1:      dpeg_arrival_arbitrary_a, layout_basic, serial_shops,
          nicolae_shop_bloodbath_and_beyond, serial_bayou_ford_a
D:2:      layout_loops_ring, basic_altar, supply_closet_lemuel,
          serial_bayou_pond_b, uniq_jessica, uniq_natasha
D:3:      layout_basic, lemuel_coloured_pillars_altar, serial_shops, shop
D:4:      layout_loops_corners, kennysheep_cross_bottleneck, uniq_blork_the_orc,
          uniq_eustachio, uniq_duvessa, uniq_ijyb
D:5:      layout_loops_ring, mainiacjoe_overflow_24_doors,
          nemelex_diamond_rough_becter, nicolae_ru_awakened_eye,
          grunt_ministairs_7
D:6:      layout_loops_ring, nzn_wu_jian_contemplation, tso_oasis_becter,
          minmay_stone_trees_small, chequers_serial_rivers_large_b,
          uniq_menkaure
D:7:      layout_basic, temple_statues
D:8:      layout_basic, dpeg_oklobed_lair
Temple:   minmay_temple_curvy_branch

Skill      XL: |  1  2  3  4  5  6  7  8  9 |
---------------+----------------------------+-----
Invocations    | 1 2 3 4 5 |  5.1
Short Blades   | 1 2 3 4 |  4.6
Long Blades    | 1 2 3 4 |  4.6
Maces & Flails | 1 2 3 4 |  4.6
Polearms       | 1 2 3 4 |  4.6
Staves         | 1 2 3 4 |  4.6
Slings         | 1 2 3 4 |  4.6
Bows           | 1 2 3 4 |  4.6
Crossbows      | 1 2 3 4 |  4.6
Throwing       | 1 2 3 4 |  4.6
Dodging        | 1 2 3 4 |  4.6
Stealth        | 1 2 3 4 |  4.6
Unarmed Combat | 1 2 3 4 |  4.6
Spellcasting   | 1 2 3 4 |  4.6
Evocations     | 1 2 3 4 |  4.6
Conjurations   | 1 2 3 |  3.8
Hexes          | 1 2 3 |  3.8
Summonings     | 1 2 3 |  3.8
Necromancy     | 1 2 3 |  3.8
Translocations | 1 2 3 |  3.8
Transmutations | 1 2 3 |  3.8
Fire Magic     | 1 2 3 |  3.8
Ice Magic      | 1 2 3 |  3.8
Air Magic      | 1 2 3 |  3.8
Earth Magic    | 1 2 3 |  3.8
Poison Magic   | 1 2 3 |  3.8
Axes           | 5 6 |  6.6
Fighting       | 7 8 |  8.1
Armour         | 7 8 |  8.1
Shields        | 7 8 |  8.1

Action                   |  1- 3 |  4- 6 |  7- 9 || total
-------------------------+-------+-------+-------++-------
Melee: War axe           |    72 |   140 |   202 ||   414
       Bite              |     5 |    16 |    40 ||    61
       Unarmed           |       |       |     3 ||     3
       Falchion          |       |       |   175 ||   175
Evoke: Wand              |       |       |     8 ||     8
  Use: Potion            |       |     1 |     5 ||     6
       Scroll            |       |     2 |     9 ||    11
 Stab: Sleeping          |       |       |     7 ||     7
Armor: Scale mail        |    12 |       |       ||    12
       Chain mail        |    19 |    76 |    70 ||   165
       Leather armour    |       |       |    97 ||    97
       Skin              |       |       |     8 ||     8
Dodge: Dodged            |    22 |    48 |   273 ||   343
Block: Buckler           |    17 |    32 |   174 ||   223
